 Dungeon Crawl Stone Soup version 0.30-a0-782-ge64f9170bb (webtiles) character file.

Game seed: 11864717201782940653

4792 Barriton the Destroyer (level 10, -5/84 HPs)
             Began as a Pale Draconian Conjurer on Mar 13, 2023.
             Slain by a hellwing (6 damage)
             ... on level 9 of the Dungeon.
             The game lasted 00:19:45 (9934 turns).

Barriton the Destroyer (Pale Draconian Conjurer)    Turns: 9934, Time: 00:19:46

Health: -5/84      AC: 10    Str: 10      XL:     10   Next: 24%
Magic:  1/20       EV: 12    Int: 22      God:
Gold:   489        SH:  0    Dex:  9 (10) Spells: 16/23 levels left

rFire   . . .      SeeInvis .    s - +5 quarterstaff (flame)
rCold   . . .      Faith    .    (shield currently unavailable)
rNeg    . . .      Spirit   .    (body armour unavailable)
rPois   .          Reflect  .    (helmet restricted)
rElec   .          Harm     .    o - +0 cloak
rCorr   .          Rampage  .    e - +0 pair of gloves
Will    +....                    t - +0 pair of boots
Stlth   ++                       (no amulet)
HPRegen 0.34/turn                (no ring)
MPRegen 0.17/turn                (no ring)

@: short of breath
A: breathe steam, AC +7, unfitting armour, cold-blooded, steam resistance,
strong-willed 1, robust 1
a: Breathe Steam


You were on level 9 of the Dungeon.
You visited 2 branches of the dungeon, and saw 10 of its levels.

You collected 489 gold pieces.

Inventory:

Hand Weapons
 m - a +0 quarterstaff
 s - a +5 quarterstaff of flaming (weapon)
Armour
 e - a +0 pair of gloves (worn)
 o - a +0 cloak (worn)
 t - a +0 pair of boots (worn)
Wands
 j - a wand of paralysis (13)
 q - a wand of roots (21)
Scrolls
 c - 3 scrolls of teleportation
 h - 3 scrolls of fear
 r - a scroll of silence
 u - 3 scrolls of blinking
 x - a scroll of fog
Potions
 b - 3 potions of might
 g - 3 potions of attraction
 i - a potion of brilliance
 k - 3 potions of lignification
 l - 2 potions of flight
 n - a potion of invisibility
 p - 3 potions of berserk rage
 v - a potion of haste
 w - a potion of resistance {unknown}
 z - a potion of degeneration


   Skills:
 + Level 3.1 Fighting
 - Level 0.8(2.9) Polearms
 + Level 4.4(4.5) Staves
 + Level 4.2 Dodging
 - Level 2.0 Stealth
 + Level 7.2 Spellcasting
 * Level 11.3 Conjurations
 + Level 2.3 Translocations


You had 16 spell levels left.
You knew the following spells:

 Your Spells              Type           Power      Damage    Failure   Level
a - Magic Dart            Conj           100%       1d8       1%          1
b - Searing Ray           Conj           100%       2d8       1%          2
c - Iskenderun's Mystic   Conj/Tloc      38%        2d9       4%          4

Your spell library contained the following spells:

 Spells                   Type           Power      Damage    Failure   Level
 Dazzling Flash           Conj/Hex       64%        N/A       2%          3
 Fulminant Prism          Conj/Hex       16%        3d10      8%          4
 Beastly Appendage        Tmut           16%        N/A       9%          1
 Wereblood                Tmut           8%         N/A       12%         2
 Spider Form              Tmut/Pois      8%         N/A       24%         3
 Summon Guardian Golem    Hex/Summ       8%         N/A       24%         3
 Orb of Destruction       Conj           27%        9d9       54%         7
 Yara's Violent Unravell  Hex/Tmut       4%         3d4       92%         5
 Enfeeble                 Hex            4%         N/A       100%        7
 Spellforged Servitor     Conj/Summ      16%        N/A       100%        7
 Borgnjor's Revivificati  Necr           4%         N/A       100%        8
 Necromutation            Tmut/Necr      4%         N/A       100%        8
 Death's Door             Necr           4%         N/A       100%        9


Dungeon Overview and Level Annotations

Branches:
Dungeon (9/15)             Temple (1/1) D:7
   Lair: D:8-11         Orc: D:9-12

Altars:
Cheibriados
Dithmenos
Elyvilon
Fedhas
Gozag
Hepliaklqana
Kikubaaqudgha
Makhleb
Nemelex Xobeh
Okawaru
Qazlal
Ru
Sif Muna
Trog
Uskayaw
Vehumet
Wu Jian
Xom
Yredelemnul
Zin
The Shining One

Shops:
D:6 (   D:9 *


Innate Abilities, Weirdness & Mutations

You can breathe blasts of scalding, opaque steam.
Your pale cyan-grey scales are hard. (AC +7)
You cannot fit into any form of body armour.
You are cold-blooded and may be slowed by cold attacks.
You are immune to the effects of steam.
You are strong-willed. (Will+)
You are robust. (+10% HP)


Message History

* * * LOW HITPOINT WARNING * * *
The hellwing barely misses you. The hellwing hits you!
* * * LOW HITPOINT WARNING * * *
The killer bee is engulfed in a cloud of scalding steam.
The killer bee stings you.
* * * LOW HITPOINT WARNING * * *
The chaos spawn moves out of view.
You hit the hellwing but do no damage.
The hellwing is lightly wounded.
* * * LOW HITPOINT WARNING * * *
You feel sick.
The killer bee is engulfed in a cloud of scalding steam.
The killer bee stings you but does no damage.
The killer bee is engulfed in a cloud of scalding steam.
You kill the killer bee!
The hellwing hits you.
* * * LOW HITPOINT WARNING * * *
The hellwing misses you.
You closely miss the hellwing.
The hellwing is lightly wounded.
* * * LOW HITPOINT WARNING * * *
You feel sick.
The hellwing hits you but does no damage.
The hellwing barely misses you.
You feel better.
The hellwing hits you but does no damage. x2
Casting: Magic Dart (safe; 1% risk of failure)
Confirm with . or Enter, or press ? or * to list all spells.
Aiming: Searing Ray (safe; 1% risk of failure)
Press: ? - help, Shift-Dir - straight line The searing ray hits the hellwing.
The hellwing is moderately wounded. (Press . to maintain the ray.)
The hellwing hits you but does no damage.
The hellwing hits you!
* * * LOW HITPOINT WARNING * * *
The searing ray hits the hellwing.
The hellwing is moderately wounded.
The hellwing hits you.
You die...

♣ ..#.###.... .
.♣♣♣##..#...<..# #
#.##...###.....###
#.##.#..#.#.#..#..
#.##.#.#.##.......
#......#.###.∩....
#.................
#†##.##...........
#@##..#.#.........
#4###.#.#.......##
#.. .#.#.......#
#♣♣. .♣P5.......#
....5~~~.....#
...~~~~.....#
...~~~~.....# #..


You could see a hellwing.

Vanquished Creatures
  Erica (D:8)
  Pikel (D:8)
  Psyche (D:8)
  A wyvern (D:8)
  Duvessa (D:7)
  4 ice beasts
  4 ogres
  2 centaurs
  2 lemures (D:8)
  A kobold brigand (D:8)
  3 bullfrogs
  2 scorpions
  A necrophage (D:4)
  2 gnoll sergeants
  3 wights (D:8)
  Dowan (D:7)
  8 killer bees (D:9)
  4 howler monkeys
  4 jellies
  4 quasits (D:9)
  3 hounds
  3 orc priests
  2 gnoll boudas (D:6)
  Crazy Yiuf (D:5)
  An iguana (D:4)
  6 orc wizards
  22 gnolls
  6 adders
  2 shadow imps
  A white imp (D:8)
  3 ufetubi
  2 worms
  5 dart slugs
  31 orcs
  5 endoplasms
  3 giant cockroaches (D:3)
  7 goblins
  5 hobgoblins
  2 jackals (D:5)
  8 kobolds
  A quokka (D:4)
  8 ball pythons
  A bat (D:3)
  2 frilled lizards
  9 rats
  A butterfly (D:7)
190 creatures vanquished.

Vanquished Creatures (others)
  2 demonic plants (D:9)
2 creatures vanquished.

Grand Total: 192 creatures vanquished

Notes
Turn   | Place    | Note
-------+----------+-------------------------------------------
     0 | D:1      | Barriton the Draconian Conjurer began the quest for the
                  | Orb.
     0 | D:1      | Reached XP level 1. HP: 14/14 MP: 3/3
   386 | D:1      | Reached XP level 2. HP: 20/20 MP: 3/5
   389 | D:1      | Learned a level 2 spell: Searing Ray
  1022 | D:2      | Reached XP level 3. HP: 26/26 MP: 1/6
  1441 | D:2      | Found a faded altar of an unknown god.
  2310 | D:3      | Reached XP level 4. HP: 33/33 MP: 5/8
  2456 | D:3      | Reached skill level 5 in Conjurations
  2760 | D:3      | Found a snail-covered altar of Cheibriados.
  2784 | D:3      | Reached XP level 5. HP: 24/38 MP: 0/9
  3326 | D:4      | Reached skill level 6 in Conjurations
  3413 | D:4      | Noticed an ice beast
  3420 | D:4      | Killed an ice beast
  3421 | D:4      | Reached XP level 6. HP: 45/45 MP: 1/11
  3867 | D:4      | Reached skill level 7 in Conjurations
  3867 | D:4      | Your scales start taking on a pale cyan-grey colour.
  3867 | D:4      | Reached XP level 7. HP: 51/51 MP: 3/13
  3867 | D:4      | Gained mutation: You are immune to the effects of steam.
                  | [Pale Draconian growth]
  4057 | D:4      | Found a glowing golden altar of the Shining One.
  4257 | D:5      | Entered Level 5 of the Dungeon
  4370 | D:5      | Reached skill level 1 in Staves
  4433 | D:5      | Reached skill level 1 in Fighting
  4943 | D:5      | Found a runed translucent door.
  4944 | D:5      | Noticed Crazy Yiuf
  5095 | D:5      | Reached XP level 8. HP: 59/59 MP: 5/14
  5310 | D:5      | Killed Crazy Yiuf
  5581 | D:6      | Reached skill level 8 in Conjurations
  5736 | D:6      | Reached skill level 5 in Spellcasting
  6165 | D:6      | Found a hazy altar of Hepliaklqana.
  6448 | D:6      | Reached skill level 9 in Conjurations
  6593 | D:6      | Found Cawan's Antique Weapon Shoppe.
  6809 | D:6      | Found a basalt altar of Yredelemnul.
  6914 | D:6      | Gained mutation: You are robust. (+10% HP) [potion of
                  | mutation]
  6914 | D:6      | Gained mutation: You are strong-willed. (Will+) [potion of
                  | mutation]
  6972 | D:7      | Reached XP level 9. HP: 59/73 MP: 10/17
  6980 | D:7      | Learned a level 4 spell: Iskenderun's Mystic Blast
  7222 | D:7      | Noticed Duvessa
  7227 | D:7      | Noticed Dowan
  7233 | D:7      | Killed Duvessa
  7247 | D:7      | Killed Dowan
  7444 | D:7      | Found a staircase to the Ecumenical Temple.
  7804 | Temple   | Entered the Ecumenical Temple
  7804 | Temple   | Found a transporter.
  7804 | Temple   | Found a transporter.
  7806 | Temple   | Found a transporter.
  7806 | Temple   | Found a transporter.
  7980 | D:8      | Reached skill level 10 in Conjurations
  8204 | D:8      | Noticed Pikel
  8230 | D:8      | Killed Pikel
  8515 | D:8      | Reached skill level 1 in Translocations
  8805 | D:8      | Noticed Psyche
  8911 | D:8      | Killed Psyche
  9051 | D:8      | Found a radiant altar of Vehumet.
  9184 | D:8      | Noticed Erica
  9486 | D:8      | Found a stormy altar of Qazlal.
  9580 | D:8      | Killed Erica
  9581 | D:8      | Reached skill level 11 in Conjurations
  9581 | D:8      | Reached XP level 10. HP: 37/82 MP: 8/20
  9844 | D:9      | Found Xiatayc's Lightly-Used Armoury.
  9930 | D:9      | HP: 4/84 [hellwing (1)]
  9933 | D:9      | HP: 1/84 [hellwing (8)]
  9934 | D:9      | Slain by a hellwing

Illustrated notes

Levels and vault maps discovered:
D:1:      dpeg_arrival_shrine, layout_basic
D:2:      layout_basic, shapermc_ecumenical_altar_mp_urbaneastern,
          serial_park_tiny_pond, minmay_tromino_i2
D:3:      layout_loops_corners, lemuel_tele_altar
D:4:      layout_rooms, nicolae_tso_swordbearing_angel
D:5:      layout_rooms, grunt_ministairs_9, chequers_serial_rivers_micro_a,
          minmay_misc_feat_alley, uniq_crazy_yiuf_cottage
D:6:      layout_basic, marbit_many_paths, mainiacjoe_overflow_catwalk,
          serial_shops, nicolae_take_the_stairs
D:7:      layout_cave_pools, minmay_temple_entry_butterflies, uniq_duvessa
D:8:      layout_basic, mainiacjoe_overflow_concentric_impassable,
          kennysheep_little_box, reono_crystal_passage,
          kennysheep_generic_room_5, uniq_erica, uniq_pikel, uniq_psyche
D:9:      wad_woods_minihive, layout_loops_cross, serial_demonic,
          serial_demonic_f, serial_demonic_g, serial_demonic_b,
          serial_demonic_f, serial_demonic_c, serial_demonic_c, serial_shops,
          nicolae_shop_overgrown_old_shop, minmay_shop_damaged,
          minmay_st_funbox, hex_large, uniq_harold
Temple:   hellmonk_temple_divided_pantheon

Skill      XL: |  1  2  3  4  5  6  7  8  9 10 |
---------------+-------------------------------+-----
Stealth        | 2 |  2.0
Dodging        | 2 3 4 |  4.2
Conjurations   | 5 6 7 9 11 | 11.3
Spellcasting   | 3 4 5 7 |  7.2
Staves         | 2 3 4 |  4.4
Fighting       | 1 2 3 |  3.1
Translocations | 2 |  2.3
Polearms       | |  0.8

Action                     |  1- 3 |  4- 6 |  7- 9 | 10-12 || total
---------------------------+-------+-------+-------+-------++-------
  Melee: Spear             |     8 |     6 |       |       ||    14
         Tailslap          |       |     5 |    11 |     1 ||    17
         Quarterstaff      |       |    21 |    55 |    27 ||   103
   Cast: Magic Dart        |    66 |    61 |   176 |    10 ||   313
         Searing Ray       |     3 |    14 |    41 |     2 ||    60
         Iskenderun's Myst |       |       |    18 |     5 ||    23
Ability: Breathe Steam     |       |       |     1 |     1 ||     2
    Use: Scroll            |     6 |     3 |    14 |     2 ||    25
         Potion            |       |       |     2 |     5 ||     7
 Armour: Skin              |     1 |    11 |    42 |    64 ||   118
  Dodge: Dodged            |     3 |    23 |    73 |    97 ||   196

Table legend: (Time is in decaauts)
 A = Elapsed time spent in this place.
 B = Non-inter-level travel time spent in this place.
 C = Inter-level travel time spent in this place.
 D = Time resting spent in this place.
 E = Time spent auto-exploring this place.
 F = Levels seen in this place.
 G = Mean time per level.
                   A        B        C        D        E       F      G
               +--------+--------+--------+--------+--------+-----+--------+
         Total |   9924 |   9580 |    344 |      0 |   8228 |  10 |  992.4 |
       Dungeon |   9880 |   9536 |    344 |      0 |   8222 |   9 | 1097.8 |
        Temple |     44 |     44 |      0 |      0 |      6 |   1 |   44.0 |
               +--------+--------+--------+--------+--------+-----+--------+

Top non-repeatable levels by time:
     D:8: 1931 daAuts
     D:6: 1479 daAuts
     D:3: 1367 daAuts
     D:2: 1217 daAuts
     D:5: 1185 daAuts
     D:4: 989 daAuts
     D:7: 866 daAuts
     D:1: 733 daAuts
     D:9: 110 daAuts
  Temple: 44 daAuts
